 Dungeon Crawl Stone Soup version 0.27-a0-1384-g1422d76b99 (webtiles) character file.

Game seed: 10372765503658503741

646 dickylongcocking the Twirler (level 7, 0/49 HPs)
             Began as a Djinni Wanderer on June 30, 2021.
             Was an Initiate of Hepliaklqana.
             Slain by a gnoll (12 damage)
             ... on level 4 of the Dungeon.
             The game lasted 00:05:11 (6131 turns).

dickylongcocking the Twirler (Djinni Wanderer)      Turns: 6131, Time: 00:05:12

Health: 0/49       AC:  7    Str: 12    XL:     7   Next: 82%
Gold:   135        EV: 10    Int: 19    God:    Hepliaklqana [......] SH:  5 Dex: 11

rFire    + + .     SeeInvis .   a - +2 quarterstaff
rCold    . . .     Faith    .   (shield currently unavailable)
rNeg     . . .     Spirit   .   i - +0 ring mail
rPois    ∞         Reflect  +   k - +0 helmet {Int+3}
rElec    .         Harm     .   (no cloak)
rCorr    .         Rampage  .   s - +0 pair of gloves
Will     .....                  (boots unavailable)
Stlth    +.........             g - amulet of reflection
HPRegen  0.16/turn              c - ring of ice
MPRegen  0.00/turn              q - ring of protection from fire

@: flying
A: sickness immunity, fire resistance 2, cold vulnerability 1, float, innate
caster, hp casting, extra vitality 1
a: Renounce Religion


You were on level 4 of the Dungeon.
You worshipped Hepliaklqana.
Hepliaklqana was noncommittal.
You visited 2 branches of the dungeon, and saw 7 of its levels.

You collected 135 gold pieces.

Inventory:

Hand Weapons
 a - a +2 quarterstaff (weapon)
 f - a +1 mace of draining
Armour
 b - a +0 robe
 i - a +0 ring mail (worn)
 k - a +0 helmet of intelligence (worn)
 s - a +0 pair of gloves (worn)
Jewellery
 c - a ring of ice (left hand)
 g - an amulet of reflection (around neck)
 q - a ring of protection from fire (right hand)
Scrolls
 d - 4 scrolls of fog
 h - a scroll of magic mapping {unknown}
 j - a scroll of blinking
 n - a scroll of identify
 p - 3 scrolls of teleportation {unknown}
Potions
 e - a potion of cancellation {unknown}
 l - a potion of curing {unknown}
 m - 2 potions of haste {unknown}
 o - a potion of flight {unknown}
 r - a potion of magic {unknown}
 t - a potion of mutation {unknown}


   Skills:
 - Level 2.0 Fighting
 * Level 4.8 Staves
 - Level 1.0 Throwing
 + Level 2.2 Armour
 - Level 1.1 Dodging
 - Level 1.0 Stealth
 - Level 1.0 Shields
 * Level 4.7 Spellcasting


You had 2 spell levels left.
You knew the following spells:

 Your Spells              Type           Power      Damage    Failure   Level
a - Searing Ray           Conj           44%        3d4       6%          2
b - Corpse Rot            Necr/Air       N/A        N/A       6%          2
c - Apportation           Tloc           44%        N/A       4%          1
d - Gell's Gravitas       Tloc           11%        N/A       12%         3
e - Beastly Appendage     Tmut           44%        N/A       4%          1
f - Slow                  Hex            22%        N/A       6%          2
p - Poisonous Vapours     Pois/Air       44%        N/A       6%          2

Your spell library contained the following spells:

 Spells                   Type           Power      Damage    Failure   Level


Dungeon Overview and Level Annotations

Branches:
Dungeon (6/15)             Temple (1/1) D:4

Altars:
Ashenzari
Dithmenos
Elyvilon
Hepliaklqana
Kikubaaqudgha
Okawaru
Ru
Sif Muna
Xom
Yredelemnul
Zin
The Shining One


Innate Abilities, Weirdness & Mutations

You are immune to sickness and miasma.
You are immune to poison.
Your flesh is very heat resistant. (rF++)
You are vulnerable to cold. (rC-)
You float through the air rather than walking.
You learn spells naturally, not from books.
Your magical power is your life essence.
You have superior vitality. (+4 HP)


Message History

Unknown command.
Casting: Poisonous Vapours (safe; 6% risk of failure)
Confirm with . or Enter, or press ? or * to list all spells.
Aiming: Poisonous Vapours (safe; 6% risk of failure)
Press: ? - help, Dir - move target, f/p - gnoll
Aim: a gnoll, wielding a +0 club (lightly wounded, very poisoned) Poisonous vapours surround the gnoll!
The gnoll looks even sicker.
You block the gnoll's attack. The gnoll hits you with a +0 club.
Unknown command.
The gnoll hits you but does no damage.
There is an open door, spattered with blood here.
Things that are here:
a +0 hand axe; a +0 leather armour
Casting: Poisonous Vapours (safe; 6% risk of failure)
Confirm with . or Enter, or press ? or * to list all spells.
Aiming: Poisonous Vapours (safe; 6% risk of failure)
Press: ? - help, Dir - move target, f - gnoll, p - gnoll
Aim: a gnoll, wielding a +0 halberd Poisonous vapours surround the gnoll!
The gnoll is poisoned.
You kill the gnoll!
Unknown command.
Casting: Poisonous Vapours (safe; 6% risk of failure)
Confirm with . or Enter, or press ? or * to list all spells.
Aiming: Poisonous Vapours (safe; 6% risk of failure)
Press: ? - help, Dir - move target, f/p - gnoll
Aim: a gnoll, wielding a +0 halberd (moderately wounded, very poisoned) Poisonous vapours surround the gnoll!
The gnoll looks even sicker.
The gnoll hits you from afar with a +0 halberd.
* * * LOW HITPOINT WARNING * * *
Unknown command.
There is an open door here.
Casting: Poisonous Vapours (safe; 6% risk of failure)
Confirm with . or Enter, or press ? or * to list all spells.
Aiming: Poisonous Vapours (safe; 6% risk of failure)
Press: ? - help, Dir - move target, f/p - gnoll
Aim: a gnoll, wielding a +0 halberd (severely wounded, very poisoned) Poisonous vapours surround the gnoll!
The gnoll looks even sicker.
* * * LOW HITPOINT WARNING * * *
The gnoll hits you from afar with a +0 halberd!
You die...

#.# ### #.# ####.# #.## #<...#
#.. #.##.# #.. #.##.#
#.################ #.####.
#.#...))..)...#... #.# ..
#@'g.....)....)... #.# ....≈
###'#...........#... #.#
....≈≈#...#############)'' #.#
....≈≈#...#........)...... #.#
....≈≈#####)≈≈)≈)≈≈≈≈≈≈... #.#
....≈≈≈≈≈≈)≈≈≈≈≈≈≈≈≈≈≈≈... #.#
....≈≈≈≈≈≈≈≈≈≈≈≈≈≈≈≈≈≈≈...
##.####)....P.....)..............
...>..........................##.


You could see a gnoll (very poisoned).

Vanquished Creatures
  A black bear (D:4)
  An ogre (D:5)
  A phantom (D:5)
  2 orc priests (D:3)
  A centaur skeleton (D:5)
  A scorpion zombie (D:5)
  An orc wizard (D:4)
  A hound skeleton (D:4)
  7 gnolls (D:4)
  A howler monkey skeleton (D:5)
  4 adders
  An ufetubus (D:5)
  An adder skeleton (D:4)
  6 dart slugs
  15 orcs
  5 ball pythons
  2 bats (D:2)
  12 endoplasms
  A giant cockroach (D:2)
  8 hobgoblins
  14 jackals
  3 kobolds (D:1)
  2 quokkas
  2 frilled lizards (D:1)
  10 goblins
  4 rats
107 creatures vanquished.

Vanquished Creatures (others)
  A plant (D:4)
1 creature vanquished.

Grand Total: 108 creatures vanquished

Notes
Turn   | Place    | Note
-------+----------+-------------------------------------------
     0 | D:1      | dickylongcocking the Djinni Wanderer began the quest for
                  | the Orb.
     0 | D:1      | Reached XP level 1. HP: 18/18 MP: 0/0
   476 | D:1      | Reached XP level 2. HP: 17/23 MP: 0/0
   993 | D:1      | Reached XP level 3. HP: 25/28 MP: 0/0
   993 | D:1      | Learned a level 1 spell: Beastly Appendage
  1181 | D:1      | Found a faded altar of an unknown god.
  1691 | D:2      | Reached XP level 4. HP: 29/33 MP: 0/0
  1836 | D:2      | Found a shimmering altar of Xom.
  2715 | D:3      | Reached XP level 5. HP: 37/38 MP: 0/0
  2715 | D:3      | Learned a level 2 spell: Searing Ray
  2775 | D:3      | Found a glowing silver altar of Zin.
  3543 | D:5      | Entered Level 5 of the Dungeon
  3725 | D:5      | Reached XP level 6. HP: 33/43 MP: 0/0
  3810 | D:5      | Noticed an ogre
  3874 | D:5      | Killed an ogre
  3875 | D:5      | Reached skill level 1 in Armour
  4291 | D:5      | Found a hazy altar of Hepliaklqana.
  4292 | D:5      | Found a shadowy altar of Dithmenos.
  4292 | D:5      | Noticed a shadow
  4368 | D:5      | Became a worshipper of Hepliaklqana the Forgotten
  4426 | D:5      | Reached XP level 7. HP: 32/49 MP: 0/0
  4426 | D:5      | Learned a level 2 spell: Slow
  4556 | D:4      | Found a staircase to the Ecumenical Temple.
  4632 | Temple   | Entered the Ecumenical Temple
  6131 | D:4      | Slain by a gnoll

Illustrated notes

Levels and vault maps discovered:
D:1:      dpeg_arrival_tiny_a, layout_basic, chequers_ecumenical_altar_island
D:2:      layout_loops_ring, basic_altar
D:3:      layout_loops_ring, lemuel_crystal_altar, nrook_campfire,
          minmay_misc_feat_five, minmay_misc_feat_room,
          hangedman_decor_slide_cut
D:4:      lemuel_castle_with_subvaults [lemuel_castle_interior_carwin_1],
          layout_rooms, minmay_temple_entry_wispy, chequers_avenue,
          minmay_close_crescents
D:5:      layout_cave_pools, riverfiend_overflow_shadow_ancestor
D:6:      layout_cave_pools, makhleb_heckhound_becter,
          grunt_temple_overflow_open, minmay_overflow_temple_star_quad
Temple:   chequers_temple_sunken

Skill      XL: |  1  2  3  4  5  6  7 |
---------------+----------------------+-----
Staves         | 2 3 4 |  4.8
Spellcasting   | 3 4 |  4.7
Armour         | 1 2 |  2.2
Fighting       | |  2.0
Throwing       | |  1.0
Dodging        | |  1.1
Stealth        | |  1.0
Shields        | |  1.0

Action                   |  1- 3 |  4- 6 |  7- 9 || total
-------------------------+-------+-------+-------++-------
Melee: Quarterstaff      |    63 |   141 |    76 ||   280
 Cast: Poisonous Vapours |     1 |     6 |    30 ||    37
       Searing Ray       |       |     2 |       ||     2
       Beastly Appendage |       |     1 |       ||     1
  Use: Scroll            |       |     3 |       ||     3
Armor: Robe              |     8 |       |       ||     8
       Ring mail         |     5 |    54 |    34 ||    93
Dodge: Dodged            |    43 |    76 |    48 ||   167
Block: Other             |       |    24 |    30 ||    54

Table legend: (Time is in decaauts)
 A = Elapsed time spent in this place.
 B = Non-inter-level travel time spent in this place.
 C = Inter-level travel time spent in this place.
 D = Time resting spent in this place.
 E = Time spent auto-exploring this place.
 F = Levels seen in this place.
 G = Mean time per level.
                   A        B        C        D        E       F      G
               +--------+--------+--------+--------+--------+-----+--------+
         Total |   6170 |   5848 |    322 |    203 |   4728 |   7 |  881.4 |
       Dungeon |   5489 |   5207 |    282 |    203 |   4089 |   6 |  914.8 |
        Temple |    680 |    640 |     40 |      0 |    639 |   1 |  680.0 |
               +--------+--------+--------+--------+--------+-----+--------+

Top non-repeatable levels by time:
     D:1: 1640 daAuts
     D:4: 1049 daAuts
     D:2: 1005 daAuts
     D:5: 899 daAuts
     D:3: 892 daAuts
  Temple: 680 daAuts
     D:6: 1 daAuts
